cohdb
Replays
Latest Replays
All Replays
Popular Replays
Top Player Replays
Match Explorer
How It Works
Community
CoH3 Stats
Reddit
Sign in to upload your games and track your stats! →
Sign in with Steam
Match 39850038
Unlisted
Match 39850038
Overview
Messages
Build Orders
End
Panzergrenadier Squad
Selects Italian Infantry
250 Light Carrier
Panzergrenadier Squad
Construct Light Support Kompanie
2.5-tonne Medical Truck
Fire Support Elements
Advanced Field Repairs
Combat Half-tracks
Construct Mechanized Kompanie
254 Reconnaissance Tractor
Pak 38 Mechanized Group
Selects Guastatori Squad
Guastatori Squad
Flakvierling Half-track
StuG III D Assault Gun
Vehicle Survival Package
Selects Registered Artillery
Pak 38 Mechanized Group
Construct Panzerarmee Kommand
Selects Towed Cannone da 105/28 Field Howitzer
Guastatori Squad
Armored Reserves
Rapid Advance
Tungsten Core Ammunition
Panzer III Assault Group
Selects Defensive Operations
Selects Prepared Positions
Veteran Squad Leaders
Hogger
ColaDruid
Frecker
Alex
GeneralMosti
SneaKerz
gb_gbg
Jafar
0
0
Comments
sign in to comment!
No comments posted yet!